AoeStats
← RustChain13

African Clearing

505152078Analyzed
4v4 RM · 25d ago on Sep 8, 2026· 17m 46s· 8 players
Game mode
Random Map
Map size
Large (8 player)
Population
200
Speed
Normal
Resources
Standard
Victory
Conquest
Starting age
Dark Age
Ending age
Imperial Age
RankedLock teamsTeams togetherTeam positionsShared explorationLock speedFull tech treeHidden civsTurbo modeCheats
Victory
Defeat
🇲🇽 Vietnamese · Mexico
1117
+10
🇨🇴 Mongols · Colombia
1036
+13
🇨🇴 Dravidians · Colombia
1036
+13
🇨🇴 Huns · Colombia
945
+16
🇺🇸 Burgundians · United States
985
-14
🇨🇳 Khitans · China
975
-13
🇲🇽 Spanish · Mexico
972
-13
🇺🇸 Britons · United States
945
-12
magioto
3:30 Loom
13:46 Feudal Age
14:39 Double-Bit Axe
15:18 Horse Collar
baseballjoker08
4:33 Loom
14:51 Feudal Age
15:33 Double-Bit Axe
RustChain13
6:26 Double-Bit Axe
14:57 Feudal Age
18:36 Castle Age
Antonio
11:24 Loom
14:14 Feudal Age
mr.aaandrex
7:32 Loom
16:48 Feudal Age
carlosed93
8:41 Loom
13:17 Feudal Age
mac3201
3:30 Loom
12:29 Feudal Age
13:45 Double-Bit Axe
14:51 Forging
17:51 Bloodlines
Tezcatlipoca
5:40 Loom
11:15 Loom
13:27 Feudal Age
14:06 Double-Bit Axe
15:48 Fletching
Connection lost

Rejoining the realm…

Still unreachable

The connection could not be restored.

Session expired

The server has moved on; the page needs a fresh start.